 Dungeon Crawl Stone Soup version 0.21.1-1-g345015f (webtiles) character file.

890 nightchill the Ruffian (level 8, -1/69 HPs)
             Began as a Ghoul Monk on June 5, 2018.
             Was a Believer of Cheibriados.
             Slain by an ogre
             ... wielding a +0 giant club
              (13 damage)
             ... on level 5 of the Dungeon.
             The game lasted 00:18:54 (3826 turns).

nightchill the Ruffian (Ghoul Monk)                 Turns: 3826, Time: 00:18:54

Health: -1/69      AC:  4    Str: 21      XL:     8   Next: 6%
Magic:  8/8        EV: 12    Int:  9      God:    Cheibriados [**....]
Gold:   229        SH:  0    Dex: 11 (15) Spells: 7/7 levels left

rFire    . . .     SeeInvis .     - Unarmed
rCold    + + .     Gourm    .   (no shield)
rNeg     + + +     Faith    .   h - +1 leather armour {rC+}
rPois    ∞         Spirit   .   e - +0 hat
rElec    .         Reflect  .   (no cloak)
rCorr    .         Harm     .   (no gloves)
MR       +....                  (no boots)
Stlth    ++........             r - amulet of regeneration
HPRegen  0.00/turn              t - ring of protection from magic
MPRegen  0.11/turn              (no ring)

@: rotting, very slow
A: rotting body, claws 1, carnivore, cold resistance 1, negative energy
resistance 3, inhibited regeneration, torment resistance, unbreathing
a: Bend Time, Renounce Religion


You were on level 5 of the Dungeon.
You worshipped Cheibriados.
Cheibriados was pleased with you.
You were not hungry.

You visited 2 branches of the dungeon, and saw 7 of its levels.

You collected 229 gold pieces.

Inventory:

Missiles
 k - 103 stones (quivered)
Armour
 a - a +0 robe
 e - a +0 hat (worn)
 f - a +1 ring mail
 h - a +1 leather armour of cold resistance (worn)
 n - a cursed +0 buckler
 v - a +0 plate armour
Magical Staves
 q - a cursed staff of air {unknown}
Jewellery
 r - an amulet of regeneration (around neck)
 t - a ring of protection from magic (left claw)
 w - an uncursed ring of resist corrosion
 x - an uncursed ring of protection from magic
Scrolls
 d - a scroll of enchant weapon
 g - a scroll of teleportation
 i - a scroll of fear
 s - a scroll of enchant armour
Potions
 c - a potion of mutation {unknown}
 l - a potion of cancellation {unknown}
 m - a potion of curing
 o - 2 potions of agility
 p - 2 potions of invisibility {unknown}
 z - 2 potions of heal wounds {unknown}
Books
 u - a book of Minor Magic

   Spells                             Type                      Level
   a - Magic Dart                     Conjuration                  1
   b - Blink                          Translocation                2
   c - Call Imp                       Summoning                    2
   d - Slow                           Hexes                        2
   e - Conjure Flame                  Conjuration/Fire             3
   f - Mephitic Cloud                 Conjuration/Poison/Air       3
Comestibles
 b - 9 rations


   Skills:
 + Level 5.5 Fighting
 - Level 2.6 Dodging
 - Level 2.1 Stealth
 + Level 3.4 Shields
 * Level 7.9 Unarmed Combat
 + Level 1.3 Invocations


You had 7 spell levels left.
You didn't know any spells.

Dungeon Overview and Level Annotations

Branches:
Dungeon (6/15)             Temple (1/1) D:5

Altars:
Ashenzari
Cheibriados
Elyvilon
Gozag
Makhleb
Okawaru
Qazlal
Yredelemnul
Zin
The Shining One

Annotations:
D:3 exclusion: downstairs
D:4 Edmund


Innate Abilities, Weirdness & Mutations

Your body is rotting away.
You thrive on raw meat.
You are immune to poison.
You have sharp fingernails.
You are carnivorous and can eat meat at any time.
Your flesh is cold resistant. (rC+)
You are immune to negative energy. (rN+++)
You do not regenerate when monsters are visible.
You are immune to unholy pain and torment.
You can survive without breathing.


Message History

The ogre is moderately wounded.
The ogre hits you with a giant club.
You claw the ogre!
The ogre is heavily wounded.
The ogre hits you with a giant club.
You scratch the ogre.
The ogre is severely wounded.
You claw the ogre!
The ogre is almost dead.
The ogre barely misses you.
You scratch the ogre but do no damage.
The ogre is almost dead.
The ogre hits you with a giant club!!
* * * LOW HITPOINT WARNING * * *
You barely miss the ogre.
The ogre is almost dead.
You barely miss the ogre.
The ogre is almost dead.
The ogre hits you with a giant club!
You die...

.. ######## . #......# #.
#......# .## ###......##
.. ........... ..# #.
#......##
#..?.#.##########......##
...=..lO@.).......[......
#.####.##########........
#. ######... .. #.[. ###
#### # # # #


You could see an ogre and a frilled lizard.

Vanquished Creatures
  Eustachio (D:5)
  Duvessa (D:4)
  A centaur (D:5)
  The ghost of aaksess the Magician, an amateur GnWz (D:3)
  Dowan (D:4)
  A crimson imp (D:5)
  A hound (D:4)
  2 orc wizards (D:3)
  An iguana (D:4)
  Ijyb (D:5)
  A worker ant (D:4)
  A hound zombie (D:4)
  A hound skeleton (D:4)
  A worker ant zombie (D:5)
  7 adders
  2 oozes
  5 worms
  2 dart slugs
  3 leopard geckos (D:3)
  18 orcs
  3 giant cockroaches (D:3)
  7 hobgoblins
  6 jackals
  4 quokkas
  8 bats
  7 frilled lizards
  A giant cockroach zombie (D:5)
  10 goblins
  A jackal zombie (D:5)
  4 kobolds
  A leopard gecko skeleton (D:4)
  5 rats
109 creatures vanquished.

Notes
Turn   | Place    | Note
-------+----------+-------------------------------------------
     0 | D:1      | nightchill the Ghoul Monk began the quest for the Orb.
     0 | D:1      | Reached XP level 1. HP: 19/19 MP: 0/0
   155 | D:1      | Reached XP level 2. HP: 16/26 MP: 1/1
   159 | D:1      | Reached skill level 4 in Unarmed Combat
   534 | D:1      | Reached XP level 3. HP: 31/31 MP: 2/2
  1325 | D:2      | Reached skill level 5 in Unarmed Combat
  1325 | D:2      | Reached XP level 4. HP: 38/38 MP: 3/3
  1685 | D:3      | Reached skill level 1 in Shields
  1762 | D:3      | Reached XP level 5. HP: 12/46 MP: 4/4
  1851 | D:3      | Noticed aaksess's ghost (amateur GnWz)
  1879 | D:3      | Killed aaksess's ghost
  1879 | D:3      | Reached skill level 6 in Unarmed Combat
  1879 | D:3      | Reached XP level 6. HP: 23/51 MP: 5/5
  2610 | D:4      | Noticed Edmund
  2907 | D:4      | Noticed Duvessa
  2907 | D:4      | Noticed Dowan
  2920 | D:4      | Killed Duvessa
  2920 | D:4      | Reached XP level 7. HP: 43/60 MP: 6/6
  2924 | D:4      | Killed Dowan
  2924 | D:4      | Reached skill level 7 in Unarmed Combat
  3029 | D:4      | Reached skill level 5 in Fighting
  3268 | D:5      | Entered Level 5 of the Dungeon
  3306 | D:5      | Found a staircase to the Ecumenical Temple.
  3330 | Temple   | Entered the Ecumenical Temple
  3389 | Temple   | Became a worshipper of Cheibriados the Contemplative
  3389 | Temple   | Reached * piety under Cheibriados
  3389 | Temple   | Reached ** piety under Cheibriados
  3646 | D:5      | Noticed Eustachio
  3759 | D:5      | Killed Eustachio
  3759 | D:5      | Reached skill level 1 in Invocations
  3791 | D:5      | Noticed Ijyb
  3804 | D:5      | Killed Ijyb
  3804 | D:5      | Reached XP level 8. HP: 50/69 MP: 7/7
  3826 | D:5      | Slain by an ogre

Skill      XL: |  1  2  3  4  5  6  7 |
---------------+----------------------+-----
Unarmed Combat | 4 5 6 7 |  7.9
Shields        | 1 2 3 |  3.4
Fighting       | 4 5 |  5.5
Invocations    | 1 |  1.3
Dodging        | |  2.6
Stealth        | |  2.1

Action                   |  1- 3 |  4- 6 |  7- 9 || total
-------------------------+-------+-------+-------++-------
Melee: Unarmed           |    92 |   221 |    88 ||   401
       Punch             |     3 |     2 |     4 ||     9
  Use: Scroll            |       |    10 |     2 ||    12
 Stab: Sleeping          |     2 |     1 |     2 ||     5
  Eat: Chunk             |     7 |    24 |    13 ||    44
       Ration            |       |       |     1 ||     1
Armor: Robe              |     5 |       |       ||     5
       Ring mail         |     4 |    66 |       ||    70
       Leather armour    |       |     3 |    37 ||    40
Dodge: Dodged            |    52 |   110 |    80 ||   242
